AoeStats
← Besoin Dead

Acropolis

503201044Analyzed
1v1 RM · 11d ago on Aug 30, 2026· 22m 26s· 2 players
Game mode
Random Map
Map size
Tiny (2 player)
Population
200
Speed
Normal
Resources
Standard
Victory
Conquest
Starting age
Dark Age
Ending age
Imperial Age
RankedLock teamsTeams togetherTeam positionsShared explorationLock speedFull tech treeHidden civsTurbo modeCheats
Victory
Defeat
🇫🇷 Britons · France
1016
+17
🇪🇨 Goths · Ecuador
1027
-17
Besoin Dead
8:19 Loom
10:57 Feudal Age
16:04 Castle Age
15:07 Double-Bit Axe
18:09 Husbandry
19:29 Wheelbarrow
20:55 Scale Barding Armor
21:44 Forging
Vicko Guty
10:20 Feudal Age
12:49 Man-at-Arms
23:48 Castle Age
Connection lost

Rejoining the realm…

Still unreachable

The connection could not be restored.

Session expired

The server has moved on; the page needs a fresh start.